 Dungeon Crawl Stone Soup version 0.30-a0-1161-g0704695555 (webtiles) character file.

Game seed: 2182043412230549739

1325 retardedninja the Firebug (level 8, -23/58 HPs)
             Began as a Gnoll Fire Elementalist on Apr 27, 2023.
             Was a Believer of Cheibriados.
             Killed from afar by an acid dragon (29 damage)
             ... with a splash of acid
             ... on level 6 of the Dungeon.
             The game lasted 00:09:03 (7850 turns).

retardedninja the Firebug (Gnoll Fire Elementalist) Turns: 7850, Time: 00:09:04

Health: -23/58     AC: -3    Str: 11    XL:     8   Next: 60%
Magic:  9/17       EV: 15    Int: 20    God:    Cheibriados [**....]
Gold:   282        SH:  0    Dex: 18    Spells: 9/19 levels left

rFire   . . .        v - +0 flail
rCold   . . .        (no shield)
rNeg    . . .        a - +0 robe
rPois   +            n - +0 helmet
rElec   .            (no cloak)
rCorr   .            c - +0 pair of gloves
SInv    .            (no boots)
Will    .....        (no amulet)
Stlth   +++          k - ring of poison resistance
HPRegen 0.29/turn    (no ring)
MPRegen 0.15/turn

%: no passive effects
@: corroded, very slightly contaminated, very slow
A: fangs 1, strong nose, distributed training
a: Renounce Religion, Bend Time


You were on level 6 of the Dungeon.
You worshipped Cheibriados.
Cheibriados was pleased with you.
You visited 2 branches of the dungeon, and saw 8 of its levels.
You also visited: Ossuary.

You collected 282 gold pieces.

Inventory:

Hand Weapons
 v - a +0 flail (weapon)
Armour
 a - a +0 robe (worn)
 c - a +0 pair of gloves (worn)
 n - a +0 helmet (worn)
Jewellery
 k - a ring of poison resistance (left hand)
 x - a ring of resist corrosion
Scrolls
 b - 2 scrolls of immolation {unknown}
 e - a scroll of amnesia {unknown}
 f - a scroll of magic mapping {unknown}
 h - a scroll of noise {unknown}
 i - 3 scrolls of teleportation
 o - a scroll of enchant weapon {unknown}
 p - a scroll of poison {unknown}
 s - 2 scrolls of brand weapon {unknown}
 u - 3 scrolls of identify {unknown}
 y - a scroll of torment {unknown}
Potions
 d - 2 potions of berserk rage {unknown}
 g - 2 potions of heal wounds {unknown}
 j - 2 potions of flight {unknown}
 l - a potion of resistance {unknown}
 m - 2 potions of lignification
 r - 2 potions of mutation {unknown}
 t - 2 potions of haste {unknown}
 w - a potion of attraction {unknown}


   Skills:
 + Level 3.5 Fighting
 + Level 3.5 Short Blades
 + Level 3.5 Long Blades
 + Level 3.5 Axes
 + Level 3.5 Maces & Flails
 + Level 3.5 Polearms
 + Level 3.5 Staves
 + Level 3.5 Ranged Weapons
 + Level 3.5 Throwing
 + Level 3.5 Armour
 + Level 5.8 Dodging
 + Level 5.5 Stealth
 + Level 3.5 Shields
 + Level 3.5 Unarmed Combat
 + Level 6.2 Spellcasting
 + Level 3.6 Conjurations
 + Level 2.9 Hexes
 + Level 2.9 Summonings
 + Level 2.9 Necromancy
 + Level 2.9 Translocations
 + Level 2.9 Transmutations
 + Level 6.2 Fire Magic
 + Level 2.9 Ice Magic
 + Level 2.9 Air Magic
 + Level 2.9 Earth Magic
 + Level 2.9 Poison Magic
 + Level 3.9 Invocations
 + Level 3.5 Evocations


You had 9 spell levels left.
You knew the following spells:

 Your Spells              Type           Power      Damage    Failure   Level
a - Foxfire               Conj/Fire      100%       2x1d9     1%          1
b - Scorch                Fire           62%        2d7       1%          2
c - Flame Wave            Conj/Fire      26%        2d8       13%         4
d - Inner Flame           Hex/Fire       24%        N/A       4%          3

Your spell library contained the following spells:

 Spells                   Type           Power      Damage    Failure   Level
 Slow                     Hex            68%        N/A       3%          1
 Sting                    Tmut/Pois      68%        1d6       3%          1
 Poisonous Vapours        Pois/Air       34%        N/A       4%          2
 Volatile Blastmotes      Fire/Tloc      48%        2d14      4%          3
 Confusing Touch          Hex            17%        N/A       10%         3
 Portal Projectile        Hex/Tloc       34%        N/A       10%         3
 Tukima's Dance           Hex            17%        N/A       10%         3
 Vampiric Draining        Necr           17%        2d7       10%         3
 Olgreb's Toxic Radiance  Pois           17%        N/A       30%         4
 Blade Hands              Tmut           8%         N/A       65%         5
 Simulacrum               Ice/Necr       8%         N/A       99%         6
 Ozocubu's Refrigeration  Ice            8%         4d9       100%        7
 Polar Vortex             Ice            8%         N/A       100%        9


Dungeon Overview and Level Annotations

Branches:
Dungeon (7/15)             Temple (1/1) D:4         Ossuary (visited)

Altars:
Ashenzari
Cheibriados
Fedhas
Gozag
Kikubaaqudgha
Makhleb
Nemelex Xobeh
Okawaru
Qazlal
Ru
Sif Muna
Trog
Uskayaw
Vehumet
Wu Jian
Xom
Yredelemnul
Zin
The Shining One

Shops:
D:3 (

Annotations:
D:3 3 runed translucent doors, IdlyInterested's ghost, amateur DsGl
D:7 Prince Ribbit


Innate Abilities, Weirdness & Mutations

You have very sharp teeth.
Your uncanny sense of smell can sniff out nearby items.
Your experience applies equally to all skills.


Message History

You are too injured to fight recklessly!
You conjure some foxfire!
The foxfire hits the acid dragon.
The acid dragon is heavily wounded.
The foxfire hits the acid dragon but does no damage.
The acid dragon is heavily wounded.
You miscast Foxfire.
You are very lightly contaminated with residual magic.
Nothing appears to happen.
The acid dragon spits acid at you. The splash of acid hits you!
The acid corrodes you! The acid dragon spits acid at you.
The splash of acid hits you!!
* * * LOW HITPOINT WARNING * * *
The acid corrodes you!
Unknown command.
You feel better. The acid dragon bites you!
* * * LOW HITPOINT WARNING * * *
The acid dragon closely misses you.
Casting: Foxfire (safe; 1% risk of failure)
Confirm with . or Enter, or press ? or * to list all spells.
Casting: Flame Wave (dangerous; 13% risk of failure)
Press: ? - help, Dir - look around, f - activate A wave of flame ripples out!
The flame wave engulfs the acid dragon.
The acid dragon is severely wounded. (Press . to intensify the flame waves.)
The acid dragon completely misses you. The acid dragon barely misses you.
A wave of flame ripples out!
The flame wave engulfs the acid dragon.
The acid dragon is severely wounded.
The acid dragon barely misses you. The acid dragon closely misses you.
Unknown command.
A wave of flame ripples out!
The flame wave engulfs the acid dragon.
The acid dragon is almost dead.
You finish channelling waves of flame.
The acid dragon barely misses you. The acid dragon misses you.
Unknown command.
The acid dragon spits acid at you. The splash of acid hits you!!
Ouch! That really hurt!
You die...

#.# #># #.# ∆ ∆
#.# # #.## #. #.
#..##
#..#.#######.#.##
#......>.....##.##
#.!..D@.......##.#
####.######.#.#.##
# ##...## ##.##
#######.######
∆.............#
#######.####<#
########.# #.#
.........## #.#


You could see an acid dragon (catching breath).

Vanquished Creatures
  A water moccasin (D:5)
  A sky beast (D:6)
  An ogre (D:5)
  A phantom (D:4)
  An elf zombie (Ossuary)
  A scorpion (D:5)
  A water moccasin zombie (D:5)
  4 necrophages (D:5)
  A bullfrog zombie (D:5)
  3 centaur zombies
  A human zombie (Ossuary)
  An orc priest (D:5)
  A sleepcap (D:5)
  An iguana (D:5)
  An orc wizard (D:5)
  Natasha (thrice) (D:2)
  2 mummies (Ossuary)
  3 gnolls (D:4)
  4 adders
  2 white imps (D:5)
  2 dart slugs
  3 orcs
  2 endoplasms
  3 giant cockroaches
  7 goblins
  A hobgoblin (D:1)
  12 jackals
  6 kobolds
  5 quokkas
  6 ball pythons
  4 bats
  7 frilled lizards
  2 goblin zombies (Ossuary)
  9 hobgoblin zombies (Ossuary)
  3 jackal zombies (Ossuary)
  10 kobold zombies (Ossuary)
  8 orc zombies (Ossuary)
  6 rats
  A rat zombie (Ossuary)
  3 bushes (D:5)
134 creatures vanquished.

Vanquished Creatures (collateral kills)
  2 foxfires (D:5)
2 creatures vanquished.

Vanquished Creatures (others)
  A bush (D:5)
  488 foxfires
  11 plants (D:5)
500 creatures vanquished.

Grand Total: 636 creatures vanquished

Notes
Turn   | Place    | Note
-------+----------+-------------------------------------------
     0 | D:1      | retardedninja the Gnoll Fire Elementalist began the quest
                  | for the Orb.
     0 | D:1      | Reached XP level 1. HP: 13/13 MP: 6/6
   397 | D:1      | Reached XP level 2. HP: 19/19 MP: 3/7
  1272 | D:2      | Reached skill level 5 in Spellcasting
  1272 | D:2      | Reached XP level 3. HP: 25/25 MP: 5/9
  1420 | D:2      | Noticed Natasha
  1426 | D:2      | Killed Natasha
  1427 | D:2      | Reached skill level 1 in Fighting
  1427 | D:2      | Reached skill level 1 in Short Blades
  1427 | D:2      | Reached skill level 1 in Long Blades
  1427 | D:2      | Reached skill level 1 in Axes
  1427 | D:2      | Reached skill level 1 in Maces & Flails
  1427 | D:2      | Reached skill level 1 in Polearms
  1427 | D:2      | Reached skill level 1 in Staves
  1427 | D:2      | Reached skill level 1 in Ranged Weapons
  1427 | D:2      | Reached skill level 1 in Throwing
  1427 | D:2      | Reached skill level 1 in Armour
  1427 | D:2      | Reached skill level 1 in Shields
  1427 | D:2      | Reached skill level 1 in Unarmed Combat
  1427 | D:2      | Reached skill level 1 in Invocations
  1427 | D:2      | Reached skill level 1 in Evocations
  1554 | D:2      | Learned a level 2 spell: Scorch
  1558 | D:2      | Reached XP level 4. HP: 32/32 MP: 7/11
  2207 | D:2      | Reached skill level 1 in Hexes
  2207 | D:2      | Reached skill level 1 in Summonings
  2207 | D:2      | Reached skill level 1 in Necromancy
  2207 | D:2      | Reached skill level 1 in Translocations
  2207 | D:2      | Reached skill level 1 in Transmutations
  2207 | D:2      | Reached skill level 1 in Ice Magic
  2207 | D:2      | Reached skill level 1 in Air Magic
  2207 | D:2      | Reached skill level 1 in Earth Magic
  2207 | D:2      | Reached skill level 1 in Poison Magic
  2409 | D:2      | Noticed Natasha
  2426 | D:2      | Killed Natasha
  2437 | D:2      | Noticed Natasha
  2441 | D:2      | Killed Natasha
  2442 | D:2      | Reached XP level 5. HP: 28/37 MP: 6/12
  2721 | D:3      | Found Tutrelirch's Weapon Emporium.
  3113 | D:3      | Found an ancient bone altar of Kikubaaqudgha.
  3315 | D:3      | Found a runed translucent gate.
  3315 | D:3      | Found a runed translucent gate.
  3317 | D:3      | Found a runed translucent gate.
  3319 | D:3      | Noticed IdlyInterested's ghost (amateur DsGl)
  3323 | D:3      | Identified the +1 leather armour "Secio" {rCorr MP+9 Str-3
                  | Dex+2}
  3742 | D:4      | Found a snail-covered altar of Cheibriados.
  3824 | D:4      | Became a worshipper of Cheibriados the Contemplative
  4118 | D:4      | Noticed a phantom
  4126 | D:4      | Killed a phantom
  4127 | D:4      | Reached skill level 5 in Dodging
  4127 | D:4      | Reached XP level 6. HP: 44/44 MP: 5/14
  4423 | D:4      | Found a staircase to the Ecumenical Temple.
  4432 | Temple   | Entered the Ecumenical Temple
  4432 | Temple   | Found a transporter.
  4432 | Temple   | Found a transporter.
  4434 | Temple   | Found a transporter.
  4434 | Temple   | Found a transporter.
  4536 | D:5      | Entered Level 5 of the Dungeon
  4584 | D:5      | Found a sand-covered staircase.
  4607 | Ossuary  | Entered an ossuary
  4873 | Ossuary  | Reached * piety under Cheibriados
  5037 | Ossuary  | Reached XP level 7. HP: 31/51 MP: 1/15
  5784 | D:5      | Reached skill level 5 in Stealth
  6535 | D:5      | Found a blossoming altar of Fedhas.
  6768 | D:5      | Reached ** piety under Cheibriados
  6769 | D:5      | Reached XP level 8. HP: 17/58 MP: 9/16
  7561 | D:5      | Learned a level 4 spell: Flame Wave
  7565 | D:5      | Learned a level 3 spell: Inner Flame
  7802 | D:6      | You fall into a shaft and drop 1 floor!
  7818 | D:7      | Found a stormy altar of Qazlal.
  7820 | D:7      | Noticed Prince Ribbit
  7850 | D:6      | Killed from afar by an acid dragon

Illustrated notes

Levels and vault maps discovered:
D:1:      lightli_arrival_boilingwater, layout_basic
D:2:      layout_loops_corners, uniq_natasha
D:3:      layout_rooms, amcnicky_altar_gilded, serial_co_window_serial,
          co_window_paths_b, co_window_paths_a, co_window_paths_a,
          co_window_cross_1, co_window_corner_a, co_window_of_opportunity_b,
          co_window_of_opportunity_b, co_window_corner_cb,
          co_window_of_opportunity_c, co_window_unsneaky_path_d,
          co_window_of_opportunity_b, biasface_ghost_orc_armoury, serial_shops,
          nicolae_shop_waterfront, kennysheep_generic_room_14
D:4:      layout_cave_pools, cheibriados_altar_2, minmay_temple_entry_overgrown,
          chequers_jeans
D:5:      layout_basic, fedhas_altar_decomposition, enter_ossuary_2,
          corexii_corridor_pit, ebering_dispersal_statue_hall
D:6:      cheibrodos_quashed, layout_loops_ring
D:7:      minmay_the_grid_triangle_9x9_recursive_2
          [minmay_the_grid_triangle_9x9_prize_insulated,
          minmay_the_grid_triangle_9x9_odd_lines,
          minmay_the_grid_triangle_9x9_limited_checkers,
          minmay_the_grid_triangle_9x9_subtriangle], layout_basic,
          riverfiend_overflow_shadow_ancestor, nicolae_qazlal_general_emergency,
          enter_bailey_6, uniq_joseph, uniq_prince_ribbit1
Temple:   hellmonk_temple_divided_pantheon

Skill      XL: |  1  2  3  4  5  6  7  8 |
---------------+-------------------------+-----
Conjurations   | 2 3 |  3.6
Spellcasting   | 5 6 |  6.2
Fighting       | 1 2 3 |  3.5
Short Blades   | 1 2 3 |  3.5
Long Blades    | 1 2 3 |  3.5
Axes           | 1 2 3 |  3.5
Maces & Flails | 1 2 3 |  3.5
Polearms       | 1 2 3 |  3.5
Staves         | 1 2 3 |  3.5
Ranged Weapons | 1 2 3 |  3.5
Throwing       | 1 2 3 |  3.5
Armour         | 1 2 3 |  3.5
Shields        | 1 2 3 |  3.5
Unarmed Combat | 1 2 3 |  3.5
Invocations    | 1 2 3 |  3.9
Evocations     | 1 2 3 |  3.5
Hexes          | 1 2 |  2.9
Summonings     | 1 2 |  2.9
Necromancy     | 1 2 |  2.9
Translocations | 1 2 |  2.9
Transmutations | 1 2 |  2.9
Ice Magic      | 1 2 |  2.9
Air Magic      | 1 2 |  2.9
Earth Magic    | 1 2 |  2.9
Poison Magic   | 1 2 |  2.9
Dodging        | 5 |  5.8
Stealth        | 5 |  5.5
Fire Magic     | 6 |  6.2

Action                     |  1- 3 |  4- 6 |  7- 9 || total
---------------------------+-------+-------+-------++-------
  Melee: Unarmed           |       |    12 |       ||    12
         Punch             |       |     3 |     1 ||     4
         Flail             |       |    37 |    23 ||    60
         Bite              |       |     4 |     2 ||     6
   Cast: Foxfire           |    64 |   152 |    71 ||   287
         Scorch            |       |    27 |     9 ||    36
         Flame Wave        |       |       |     2 ||     2
    Use: Potion            |       |     3 |     2 ||     5
         Scroll            |       |       |     1 ||     1
 Armour: Robe              |     3 |    33 |    31 ||    67
         Skin              |       |    37 |       ||    37
  Dodge: Dodged            |     7 |   100 |    81 ||   188

Table legend: (Time is in decaauts)
 A = Elapsed time spent in this place.
 B = Non-inter-level travel time spent in this place.
 C = Inter-level travel time spent in this place.
 D = Time resting spent in this place.
 E = Time spent auto-exploring this place.
 F = Levels seen in this place.
 G = Mean time per level.
                   A        B        C        D        E       F      G
               +--------+--------+--------+--------+--------+-----+--------+
         Total |   8465 |   8189 |    276 |   1338 |   5587 |   9 |  940.6 |
       Dungeon |   7341 |   7077 |    264 |    875 |   5219 |   7 | 1048.7 |
        Temple |     40 |     29 |     11 |      0 |      6 |   1 |   40.0 |
       Ossuary |   1083 |   1083 |      0 |    463 |    361 |   1 | 1083.0 |
               +--------+--------+--------+--------+--------+-----+--------+

Top non-repeatable levels by time:
     D:5: 2495 daAuts
     D:2: 1396 daAuts
     D:1: 1206 daAuts
     D:3: 1129 daAuts
 Ossuary: 1083 daAuts
     D:4: 925 daAuts
     D:6: 152 daAuts
  Temple: 40 daAuts
     D:7: 35 daAuts
